 Dungeon Crawl Stone Soup version 0.20.1-1-g8b1a95d (webtiles) character file.

84 pstr the Conjurer (level 4, -6/24 HPs)
             Began as a Kobold Conjurer on Nov 17, 2017.
             Shot with an arrow by a centaur (12 damage)
             ... on level 3 of the Dungeon.
             The game lasted 00:07:16 (2634 turns).

pstr the Conjurer (Kobold Conjurer)                 Turns: 2634, Time: 00:07:17

Health: -6/24      AC:  2    Str:  5    XL:     4   Next: 72%
Magic:  0/8        EV: 15    Int: 22    God:
Gold:   40         SH:  0    Dex: 15    Spells: 5/8 levels left

rFire    . . .     SeeInvis .   h - +2 whip (elec)
rCold    . . .     Gourm    .   (shield restricted)
rNeg     . . .     Faith    .   a - +0 robe
rPois    .         Spirit   .   (no helmet)
rElec    .         Reflect  .   (no cloak)
rCorr    .         Harm     .   (no gloves)
MR       .....                  (no boots)
Stlth    ++........             (no amulet)
Regen    0.1/turn               (no ring)
MPRegen  0.2/turn               (no ring)

@: brilliant
A: carnivore 3
a: no special abilities


You were on level 3 of the Dungeon.
You were completely stuffed.

You visited 1 branch of the dungeon, and saw 3 of its levels.

You collected 40 gold pieces.

Inventory:

Hand Weapons
 h - a +2 whip of electrocution (weapon)
Missiles
 g - 64 stones (quivered)
Armour
 a - a +0 robe (worn)
 l - a +0 leather armour
Scrolls
 d - a scroll of enchant armour {unknown}
 e - a scroll of remove curse {unknown}
 i - a scroll of teleportation {unknown}
 j - a scroll of enchant weapon {unknown}
 k - a scroll of identify {unknown}
Potions
 f - a potion of brilliance
Books
 b - a book of Conjurations

   Spells                             Type                      Level
   a - Magic Dart                     Conjuration                  1
   b - Searing Ray                    Conjuration                  2
   c - Dazzling Spray                 Conjuration/Hexes            3
   d - Fulminant Prism                Conjuration/Hexes            4
   e - Force Lance                    Conjuration/Translocation    4
   f - Iskenderun's Mystic Blast      Conjuration                  4
Comestibles
 c - 3 meat rations
 m - a chunk of flesh


   Skills:
 + Level 2.7 Dodging
 + Level 3.2 Stealth
 + Level 2.9 Spellcasting
 + Level 5.1 Conjurations


You had 5 spell levels left.
You knew the following spells:

 Your Spells              Type           Power        Failure   Level  Hunger
a - Magic Dart            Conj           ####         1%          1    None
b - Searing Ray           Conj           #####.       1%          2    ##.....


Dungeon Overview and Level Annotations

Branches:
Dungeon (3/15)

Altars:


Innate Abilities, Weirdness & Mutations

You are small and have problems with some larger weapons.
You are carnivorous and can eat meat at any time.


Message History

Aim: a centaur, wielding a shortbow The magic dart hits the sky beast.
The sky beast is moderately wounded.
The sky beast misses you.
You feel clever all of a sudden. The sky beast hits you.
The sky beast shocks you.
Casting: Magic Dart
Confirm with . or Enter, or press ? or * to list all spells.
Aiming: Magic Dart
Press: ? - help, Shift-Dir - straight line, f/p - centaur
Aim: a centaur, wielding a shortbow The magic dart hits the sky beast.
The sky beast is heavily wounded.
The sky beast flickers out of sight!
Deactivating autopickup; reactivate with Ctrl-A.
Something hits you. Something shocks you.
* * * LOW HITPOINT WARNING * * *
The centaur shoots an arrow.
The arrow hits you!
Ouch! That really hurt!
You die...

##
##########
#.
#........#
#.
#.######.#
#. #.# #.#
#. #@# #.#
#. #.#
#.########.
#{#
#..........
#c#
##########.
#S# #.
#g#### #.
#S.).# #.
#.##c### #.
#....gS##
#.


You could see a centaur, 2 adders and a goblin.

Vanquished Creatures
  3 adders
  An ooze (D:1)
  A dart slug (D:2)
  2 leopard geckos
  3 bats
  4 goblins
  10 hobgoblins
  4 jackals
  7 kobolds
  A quokka (D:3)
  4 frilled lizards
  4 rats
44 creatures vanquished.

Notes
Turn   | Place    | Note
-------+----------+-------------------------------------------
     0 | D:1      | pstr the Kobold Conjurer began the quest for the Orb.
     0 | D:1      | Reached XP level 1. HP: 10/10 MP: 3/3
   165 | D:1      | Reached XP level 2. HP: 8/15 MP: 0/5
   181 | D:1      | Learned a level 2 spell: Searing Ray
   930 | D:1      | Reached XP level 3. HP: 19/19 MP: 2/6
  1623 | D:3      | Reached XP level 4. HP: 17/24 MP: 2/8
  1712 | D:3      | Reached skill level 5 in Conjurations
  2572 | D:3      | Noticed a sky beast
  2617 | D:3      | Noticed a centaur
  2634 | D:3      | Shot with an arrow by a centaur

Skill      XL: |  1  2  3  4 |
---------------+-------------+-----
Stealth        | 3 |  3.2
Conjurations   | 5 |  5.1
Dodging        | |  2.7
Spellcasting   | |  2.9

Action                   |  1- 3 |  4- 6 || total
-------------------------+-------+-------++-------
Melee: Unarmed           |     4 |     1 ||     5
       Whip              |       |     8 ||     8
 Cast: Magic Dart        |    50 |    18 ||    68
       Searing Ray       |     8 |    12 ||    20
  Use: Potion            |       |     4 ||     4
  Eat: Chunk             |     8 |     7 ||    15
Armor: Robe              |     7 |     8 ||    15
Dodge: Dodged            |    39 |    55 ||    94
